Map: Glittering Ashes LE

Players

AGOElazer (Elazer)

  • Race: Zerg Zerg
  • League: Master

Reynor - Winner!

  • Race: Zerg Zerg
  • League: Master

Event: DreamHack SC2 Masters Last Chance 2022

VOD

Have the link to the VOD?

Description

Time

  • Played on: Dec. 17, 2021, 3:23 p.m.
  • Length: 7:12

All games in this series

Show
View Real Time Build Order
Export as new Build Order

AGOElazer Zerg 

Build Orders: Hatch First 

Get SALT Encoding   

  12  0:00  Drone  
  13  0:12  Overlord  
  13  0:16  Drone  
  14  0:30  Drone x2  
  16  0:46  Hatchery  
  15  0:50  Drone  
  15  0:54  Drone  
  17  0:57  Drone  
  18  1:08  Extractor  
  17  1:12  Spawning Pool  
  17  1:15  Drone  
  17  1:19  Drone  
  18  1:27  Drone  
  19  1:38  Drone  
  20  1:49  Drone  
  21  1:58  Queen  
  21  1:59  Drone, Queen  
  21  2:00  Overlord  
  26  2:07  Metabolic Boost  
  26  2:09  Drone  
  26  2:10  Drone  
  28  2:20  Drone  
  28  2:21  Drone  
  30  2:30  Zergling x2  
  30  2:31  Zergling x2  
  32  2:37  Hatchery  
  32  2:43  Queen  
  33  2:46  Overlord  
  33  2:53  Drone x2  
  33  2:56  Drone  
  36  3:01  Baneling Nest  
  36  3:02  Drone  
  36  3:06  Drone  
  36  3:07  Drone  
  36  3:08  Drone  
  36  3:10  Zergling x2  
  40  3:14  Zergling x4  
  40  3:17  Drone  
  40  3:18  Drone  
  44  3:24  Evolution Chamber  
  43  3:27  Overlord  
  43  3:30  Drone  
  44  3:43  Overlord  
  44  3:46  Drone x5  
  48  3:49  Lair  
  48  3:50  Baneling  
  48  3:51  Baneling  
  48  3:54  Zergling x4  
  50  4:00  Zergling x4  
  52  4:03  Drone x3, Extractor x2  
  53  4:11  Roach Warren  
  53  4:14  Drone x4  
  53  4:16  Drone x2  
  58  4:19  Zerg Missile Weapons Level 1  
  58  4:21  Drone  
  59  4:24  Overlord  
  59  4:27  Drone x2  
  59  4:31  Drone x2  
  63  4:32  Drone  
  63  4:34  Drone  
  63  4:36  Drone  
  65  4:42  Overlord  
  65  4:43  Drone x3  
  65  4:45  Drone  
  69  4:47  Drone  
  69  4:48  Extractor  
  69  4:50  Glial Reconstitution  
  69  4:51  Extractor  
  68  4:54  Zergling x4  
  68  4:55  Zergling x2  
  71  5:02  Roach  
  71  5:03  Roach x3  
  79  5:08  Roach  
  79  5:12  Spine Crawler  
  79  5:13  Roach  
  81  5:14  Baneling  
  79  5:26  Roach x5  
  61  5:36  Zergling x2, Roach x6  
  61  5:37  Zergling x6  
  75  5:45  Roach  
  71  5:51  Roach x3  
  72  5:58  Roach  
  72  5:59  Ravager  
  72  6:01  Zergling x8  
  68  6:05  Ravager  
  68  6:09  Roach x2  
  59  6:19  Roach x3  
  59  6:24  Roach x2  
  59  6:25  Zergling x2  
  62  6:31  Ravager  
  60  6:33  Drone x4  
  60  6:37  Drone  
  65  6:44  Drone x3  
  65  6:45  Drone  
  69  6:51  Drone x3  
  72  6:56  Drone x3  
Show
View Real Time Build Order
Export as new Build Order

Reynor Zerg - Winner!

Build Orders: Hatch First 

Get SALT Encoding   

  12  0:00  Drone  
  13  0:12  Overlord  
  13  0:16  Drone  
  14  0:30  Drone x2  
  16  0:46  Hatchery  
  15  0:50  Drone  
  15  0:54  Drone  
  15  0:57  Drone  
  18  1:08  Extractor  
  17  1:13  Spawning Pool  
  17  1:16  Drone  
  17  1:19  Drone  
  18  1:27  Drone  
  19  1:39  Drone  
  20  1:49  Drone  
  21  2:00  Queen x2, Overlord  
  21  2:01  Zergling x2  
  26  2:09  Metabolic Boost, Drone  
  26  2:10  Drone  
  28  2:20  Drone  
  28  2:21  Drone  
  30  2:33  Hatchery  
  30  2:36  Drone  
  30  2:38  Drone  
  31  2:46  Drone, Baneling Nest  
  31  2:48  Drone  
  32  2:52  Overlord  
  32  3:01  Drone  
  32  3:03  Zergling x2  
  32  3:04  Drone  
  35  3:13  Evolution Chamber  
  35  3:14  Queen  
  35  3:16  Drone x3  
  35  3:17  Drone  
  40  3:20  Zergling x2  
  40  3:21  Zergling x2  
  40  3:26  Zergling x2  
  43  3:29  Zergling x2  
  43  3:33  Overlord  
  44  3:39  Zerg Melee Weapons Level 1  
  44  3:48  Drone x5  
  49  3:49  Drone  
  49  3:50  Overlord  
  49  3:52  Extractor  
  49  3:55  Drone  
  50  3:57  Drone  
  50  4:01  Drone  
  52  4:03  Lair  
  52  4:06  Zergling x2  
  52  4:08  Drone  
  54  4:14  Drone  
  54  4:17  Extractor  
  54  4:18  Drone, Extractor  
  54  4:19  Drone x2  
  55  4:24  Zergling x8, Roach Warren  
  58  4:31  Zergling x2  
  58  4:32  Zergling x6  
  58  4:35  Overlord  
  58  4:37  Zergling x4  
  64  4:44  Baneling x2  
  64  4:46  Baneling x5  
  64  4:47  Zergling x4  
  65  5:01  Zergling x16  
  73  5:07  Zergling x2  
  73  5:08  Baneling x3  
  74  5:15  Spire  
  74  5:17  Zergling x2  
  73  5:27  Zergling x8  
  69  5:30  Zergling x8  
  69  5:31  Zergling x2  
  69  5:34  Zergling x2  
  67  5:43  Zergling x6  
  67  5:46  Zergling x2  
  67  5:47  Zergling x4  
  72  5:51  Zergling x2  
  72  5:53  Zergling x2  
  67  6:13  Drone x2, Overlord  
  58  6:26  Mutalisk x8  
  58  6:29  Zergling x6  
  73  6:34  Zergling x2  
  73  6:39  Mutalisk  
  75  6:41  Zergling x4  
  75  6:42  Zergling x2  
  75  6:45  Zergling x4  
  78  6:50  Drone  
  78  6:54  Overlord  

Tags
 
Add a new tag
Caveats
  • Supply blocks, unpowered buildings, or Contaminate may cause inaccurate times.
  • Supply counts are checked every 10 seconds.